 Dungeon Crawl Stone Soup version 0.30-a0-800-g7c544603b3 (webtiles) character file.

Game seed: 18279236090564497684

80 jlumianski the Covered (level 4, -2/35 HPs)
             Began as a Demonspawn Fighter on Feb 21, 2023.
             Slain by Natasha (5 damage)
             ... on level 4 of the Dungeon.
             The game lasted 00:08:22 (2077 turns).

jlumianski the Covered (Demonspawn Fighter)         Turns: 2077, Time: 00:08:23

Health: -2/35      AC:  6    Str: 18    XL:     4   Next: 18%
Magic:  4/4        EV:  9    Int:  9    God:
Gold:   168        SH:  4    Dex: 13    Spells: 3/3 levels left

rFire   . . .      SeeInvis .    a - +0 war axe
rCold   . . .      Faith    .    c - +0 buckler
rNeg    . . .      Spirit   .    b - +0 scale mail
rPois   .          Reflect  .    (helmet restricted)
rElec   .          Harm     .    (no cloak)
rCorr   .          Rampage  .    (no gloves)
Will    .....                    (no boots) Stlth
                                 (no amulet)
HPRegen 0.25/turn                (no ring)
MPRegen 0.09/turn                (no ring)

@: slowed, very slow
A: horns 1, powered by pain 1
a: no special abilities


You were on level 4 of the Dungeon.
You visited 1 branch of the dungeon, and saw 4 of its levels.

You collected 168 gold pieces.

Inventory:

Hand Weapons
 a - a +0 war axe (weapon)
 m - a +2 whip of flaming
Missiles
 g - 34 stones (quivered)
Armour
 b - a +0 scale mail (worn)
 c - a +0 buckler (worn)
Wands
 q - a wand of flame (11)
Scrolls
 e - a scroll of vulnerability {unknown}
 i - a scroll of acquirement {unknown}
 j - a scroll of noise
 l - a scroll of amnesia {unknown}
 p - 2 scrolls of teleportation
 s - a scroll of silence {unknown}
Potions
 d - 2 potions of might
 f - a potion of degeneration {unknown}
 h - a potion of mutation {unknown}
 k - a potion of heal wounds {unknown}
 n - 3 potions of attraction {unknown}
 o - a potion of curing {unknown}
 r - a potion of ambrosia {unknown}


   Skills:
 + Level 3.4 Fighting
 + Level 2.4 Axes
 + Level 3.6 Armour
 + Level 0.2 Dodging
 + Level 3.0 Shields


You had 3 spell levels left.
You didn't know any spells.
Your spell library was empty.

Dungeon Overview and Level Annotations

Branches:
Dungeon (4/15)
 Temple: D:4-7

Altars:

Annotations:
D:1 1 runed translucent door
D:4 Natasha


Innate Abilities, Weirdness & Mutations

You have a pair of small horns on your head.
You sometimes gain a little power by taking damage.


Message History

You closely miss Natasha.
Natasha is lightly wounded.
Natasha claws you.
Natasha stares at you and mumbles some strange words.
You feel yourself slow down.
You miss Natasha.
Natasha is lightly wounded.
Natasha growls.
Natasha stares at you and mumbles some strange words.
The magic dart hits you. Natasha casts a spell at you.
You feel as though you will be slow longer.
You completely miss Natasha.
Natasha is lightly wounded.
Natasha closely misses you. Natasha claws you but does no damage.
You closely miss Natasha.
Natasha is lightly wounded.
Natasha claws you.
Natasha casts a spell.
You slash Natasha! You headbutt Natasha.
Natasha is almost dead.
You miss the crimson imp. Natasha claws you! The crimson imp barely misses you.
Natasha casts a spell at you.
You feel as though you will be slow longer.
You completely miss Natasha. Your headbutt misses Natasha.
Natasha is almost dead.
You closely miss the crimson imp. The crimson imp hits you. Natasha claws you.
* * * LOW HITPOINT WARNING * * *
The crimson imp hits you but does no damage.
Natasha casts a spell at you.
You feel as though you will be slow longer.
The crimson imp completely misses you.
You closely miss Natasha.
Natasha is almost dead.
You closely miss the crimson imp. Natasha casts a spell at you.
The magic dart hits you!
* * * LOW HITPOINT WARNING * * *
The crimson imp blinks!
Natasha claws you.
You die...

#..<.†...#
#+#
#####.####
#.# #.#
###.######
#.#
#.....5..
#.#
#.).....
..#
#.....#
###
#.§.h.#
#@# ###


You could see Natasha and a crimson imp (summoned).

Vanquished Creatures
  A gnoll (D:1)
  2 adders
  A dart slug (D:1)
  7 ball pythons
  2 endoplasms
  A giant cockroach (D:1)
  2 goblins (D:1)
  7 hobgoblins
  4 jackals (D:2)
  3 quokkas
  5 bats
  3 frilled lizards
  6 kobolds
  3 rats (D:1)
47 creatures vanquished.

Vanquished Creatures (others)
  4 plants (D:1)
4 creatures vanquished.

Grand Total: 51 creatures vanquished

Notes
Turn   | Place    | Note
-------+----------+-------------------------------------------
     0 | D:1      | jlumianski the Demonspawn Fighter began the quest for the
                  | Orb.
     0 | D:1      | Reached XP level 1. HP: 18/18 MP: 1/1
     0 | D:1      | Noticed a jelly
     1 | D:1      | Found a runed translucent door.
     2 | D:1      | Noticed a jelly
   117 | D:1      | Gained mutation: You sometimes gain a little power by
                  | taking damage. [demonic ancestry]
   117 | D:1      | Reached XP level 2. HP: 24/24 MP: 2/2
   514 | D:1      | Reached XP level 3. HP: 25/29 MP: 3/3
  1537 | D:2      | Gained mutation: You have a pair of small horns on your
                  | head. [demonic ancestry]
  1537 | D:2      | Reached XP level 4. HP: 35/35 MP: 4/4
  1718 | D:2      | Found a faded altar of an unknown god.
  2066 | D:4      | Noticed Natasha
  2077 | D:4      | Slain by Natasha

Illustrated notes

Levels and vault maps discovered:
D:1:      dpeg_arrival_caged_fury, layout_loops_ring, chequers_big_river
D:2:      layout_loops_corners, basic_ecumenical_altar
D:3:      layout_basic, serial_forest, infiniplex_forest_clump_long,
          infiniplex_forest_lined_2, infiniplex_forest_fountain,
          infiniplex_forest_end_2
D:4:      layout_loops_corners, serial_shops, nicolae_lakefront_shop,
          serial_bayou_crossing, uniq_ijyb, uniq_natasha, uniq_robin

Skill      XL: |  1  2  3 |
---------------+----------+-----
Armour         | 3 |  3.6
Axes           | 2 |  2.4
Shields        | 3 |  3.0
Fighting       | |  3.4
Dodging        | |  0.2

Action                     |  1- 3 |  4- 6 || total
---------------------------+-------+-------++-------
  Melee: War axe           |   116 |    19 ||   135
         Headbutt          |       |     4 ||     4
  Throw: Stone             |     4 |       ||     4
    Use: Scroll            |       |     2 ||     2
 Armour: Scale mail        |    77 |    10 ||    87
  Dodge: Dodged            |    61 |     7 ||    68
  Block: Buckler           |    23 |       ||    23

Table legend: (Time is in decaauts)
 A = Elapsed time spent in this place.
 B = Non-inter-level travel time spent in this place.
 C = Inter-level travel time spent in this place.
 D = Time resting spent in this place.
 E = Time spent auto-exploring this place.
 F = Levels seen in this place.
 G = Mean time per level.
                   A        B        C        D        E       F      G
               +--------+--------+--------+--------+--------+-----+--------+
         Total |   2158 |   2128 |     30 |      0 |   1290 |   4 |  539.5 |
       Dungeon |   2158 |   2128 |     30 |      0 |   1290 |   4 |  539.5 |
               +--------+--------+--------+--------+--------+-----+--------+

Top non-repeatable levels by time:
     D:1: 1021 daAuts
     D:2: 1006 daAuts
     D:3: 95 daAuts
     D:4: 34 daAuts
